AoeStats
← [CL] Al3jandr0.magn00

African Clearing

505303744Analyzed
4v4 RM · 23d ago on Sep 8, 2026· 27m 19s· 8 players
Game mode
Random Map
Map size
Large (8 player)
Population
200
Speed
Normal
Resources
Standard
Victory
Conquest
Starting age
Dark Age
Ending age
Imperial Age
RankedLock teamsTeams togetherTeam positionsShared explorationLock speedFull tech treeHidden civsTurbo modeCheats
Victory
Defeat
🇨🇱 Malay · Chile
1680
+11
🇦🇷 Vietnamese · Argentina
1666
+11
🇨🇱 Hindustanis · Chile
1575
+15
🇨🇱 Burgundians · Chile
1496
+18
🇨🇴 Mongols · Colombia
1614
-16
🇹🇷 Vietnamese · Türkiye
1579
-15
🇩🇪 Dravidians · Germany
1515
-12
🇩🇪 Berbers · Germany
1508
-12
Kr4mer
4:45 Loom
13:27 Feudal Age
13:53 Town Watch
14:10 Double-Bit Axe
14:06 Horse Collar
18:56 Fletching
jmolinao
2:59 Loom
11:37 Feudal Age
12:18 Double-Bit Axe
20:49 Castle Age
20:45 Fletching
Erg_Raider
4:47 Loom
13:56 Feudal Age
17:37 Castle Age
16:05 Double-Bit Axe
19:23 Bow Saw
25:07 Padded Archer Armor
25:00 Fletching
27:41 Ballistics
konstid
5:38 Loom
12:02 Feudal Age
16:02 Castle Age
14:00 Double-Bit Axe
17:08 Bow Saw
17:01 Town Watch
19:11 Wheelbarrow
22:49 Fletching
22:45 Horse Collar
24:03 Bodkin Arrow
26:25 Padded Archer Armor
[CL]Andrectho
5:45 Loom
8:48 Double-Bit Axe
13:25 Feudal Age
17:20 Castle Age
15:03 Horse Collar
15:34 Bow Saw
15:19 Gold Mining
16:06 Wheelbarrow
16:36 Heavy Plow
19:51 Hand Cart
27:19 Husbandry
[CL] FARFANA
8:21 Loom
11:03 Feudal Age
11:53 Double-Bit Axe
12:18 Horse Collar
22:34 Castle Age
20:58 Gold Mining
23:08 Bloodlines
23:30 Scale Barding Armor
23:51 Bow Saw
24:06 Husbandry
25:33 Chain Barding Armor
[CL] Al3jandr0.magn00
3:25 Loom
13:08 Feudal Age
14:43 Double-Bit Axe
17:36 Town Watch
18:30 Fletching
22:32 Castle Age
20:48 Horse Collar
23:34 Bodkin Arrow
[CL] Davidlk1412
12:08 Feudal Age
11:47 Double-Bit Axe
13:51 Fletching
16:36 Loom
23:31 Castle Age
23:04 Bodkin Arrow
22:33 Crossbowman
24:40 Ballistics
Connection lost

Rejoining the realm…

Still unreachable

The connection could not be restored.

Session expired

The server has moved on; the page needs a fresh start.